 Dungeon Sprint DCSS version 0.28-a0-941-g140ffa10cf (webtiles) character file.

Game seed: 16490355532064026402

29600000 Turgor the Axe Maniac (level 27, 228/228 HPs)
             Began as a Djinni Warper on Nov 30, 2021.
             Was the Champion of Makhleb.
             Escaped with the Orb!
             The game lasted 00:13:07 (148 turns).

Turgor the Axe Maniac (Djinni Warper)                Turns: 148, Time: 00:13:08

Health: 228/228    AC:  6    Str: 10    XL:     27
Gold:   0          EV: 29    Int: 23    God:    Makhleb [******] SH:  0 Dex: 18

rFire   + + .      SeeInvis +   i - +∞ Axe of Woe
rCold   x . .      Faith    .   (shield currently unavailable)
rNeg    . . .      Spirit   .   b - +0 leather armour
rPois   ∞          Reflect  .   (no helmet)
rElec   .          Harm     .   (no cloak)
rCorr   .          Rampage  .   (no gloves)
Will    ++...      NoTele   +   (boots unavailable)
Stlth   +++.......              (no amulet)
HPRegen 0.48/turn               j - ring of see invisible
MPRegen 0.00/turn               (no ring)

@: flying
A: sickness immunity, fire resistance 2, cold vulnerability 1, float, innate
caster, hp casting, extra vitality 1
0: Orb of Zot
a: Renounce Religion, Minor Destruction, Lesser Servant of Makhleb, Major
Destruction, Greater Servant of Makhleb


You escaped.
You worshipped Makhleb.
Makhleb was exalted by your worship.
You visited 1 branch

Inventory:

Hand Weapons
 a - a +0 hand axe
 i - the +∞ Axe of Woe (weapon)
   (You found it in the Dungeon)
Missiles
 d - 5 boomerangs of dispersal (quivered)
Armour
 b - a +0 leather armour (worn)
Jewellery
 j - a ring of see invisible (left hand)
Scrolls
 c - 2 scrolls of blinking
Potions
 e - a potion of curing
 f - a potion of heal wounds
 g - a potion of haste
 h - a potion of berserk rage


   Skills:
 O Level 27 Fighting
 O Level 27 Short Blades
 O Level 27 Long Blades
 O Level 27 Axes
 O Level 27 Maces & Flails
 O Level 27 Polearms
 O Level 27 Staves
 O Level 27 Slings
 O Level 27 Bows
 O Level 27 Crossbows
 O Level 27 Throwing
 O Level 27 Armour
 O Level 27 Dodging
 O Level 27 Stealth
 O Level 27 Shields
 O Level 27 Unarmed Combat
 O Level 27 Spellcasting
 O Level 27 Invocations
 O Level 27 Evocations


You couldn't memorise any spells.
You knew the following spells:

 Your Spells              Type           Power      Damage    Failure   Level
a - Blink                 Tloc           100%       N/A       0%          2
b - Lesser Beckoning      Tloc           100%       N/A       0%          3
c - Gell's Gravitas       Tloc           100%       N/A       0%          3
d - Teleport Other        Tloc           100%       N/A       0%          3
e - Manifold Assault      Tloc           100%       N/A       0%          5
f - Summon Small Mammal   Summ           100%       N/A       0%          1
g - Poisonous Vapours     Pois/Air       100%       N/A       0%          2
h - Passwall              Tmut/Erth      84%        N/A       0%          2
i - Ice Form              Ice/Tmut       100%       N/A       0%          4
j - Alistair's Intoxicat  Tmut/Pois      67%        N/A       0%          5
k - Silence               Hex/Air        50%        N/A       0%          5
l - Conjure Ball Lightni  Conj/Air       50%        3x3d17    0%          6
m - Dispersal             Tloc           50%        N/A       0%          6
n - Orb of Destruction    Conj           50%        9d15      0%          7
o - Haunt                 Necr/Summ      50%        N/A       0%          7
p - Dragon Form           Tmut           50%        N/A       0%          7
q - Discord               Hex            50%        N/A       1%          8
r - Chain Lightning       Conj/Air       50%        3d67      1%          9
Your spell library was empty.

Dungeon Overview and Level Annotations

Branches:
Dungeon (1/1)

Altars:
Makhleb


Innate Abilities, Weirdness & Mutations

You are immune to sickness and miasma.
You are immune to poison.
Your flesh is very heat resistant. (rF++)
You are vulnerable to cold. (rC-)
You float through the air rather than walking.
You learn spells naturally, not from books.
Your magical power is your life essence.
You have superior vitality. (+4 HP)


Message History

------------------------------------------------------------------------------ ------------------------------------------------------------------------------ -- The Meatlord has descended... -- ------------------------------------------------------------------------------ ------------------------------------------------------------------------------ The eight-headed meat hydra roars!
You hear a shout! x2
Dispater, Lord of the Iron City comes into view.
They are wielding the +7 sceptre of Torment {pain, torment}.
Casting: Manifold Assault (safe; 0% risk of failure)
Confirm with . or Enter, or press ? or * to list all spells.
Space momentarily warps into an impossible shape!
You slice The Meatlord!!
You fatally mangle The Meatlord.
You kill The Meatlord!
Makhleb accepts your kill.
You feel better. ------------------------------------------------------------------------------ ------------------------------------------------------------------------------ -- You have destroyed The Meatlord. -- ------------------------------------------------------------------------------ ------------------------------------------------------------------------------ ------------------------------------------------------------------------------ ------------------------------------------------------------------------------ -- You will die a champion. -- ------------------------------------------------------------------------------ ------------------------------------------------------------------------------ The Orb of Zot has appeared underneath you.
You slice one of the eight-headed meat hydra's heads off!
The seven-headed meat hydra grows two more!
You hit the nine-headed meat hydra.
You chop the nine-headed meat hydra into pieces.
You kill the nine-headed meat hydra!
Makhleb accepts your kill.
You hear a roar!
You hear a shout! x3
The meat beast moves out of view.
You pick up the Orb of Zot!
The Orb lets out a hideous shriek!
The lords of Pandemonium are not amused.
Beware!
Now all you have to do is get back out of the dungeon!
You hear a howl!
You hear a roar!
You hear a shout! x5; You hear a roar!
You hear a shout!
You hear a roar!
You hear a shout! x9; You hear a roar! x2
You hear a shout! x2; You hear an angry hiss.
You hear a shout! x7
You hear a loud, deep croak!
You hear a shout! x2; You hear a roar!
You hear a shout! x4; You hear two shouts!
You hear a shout! x2
You hear a roar!
You hear two shouts!
You hear a shout! x4; You hear a roar!
You hear a shout!
You hear an angry hiss.
You hear a roar!
You hear an angry hiss.
You hear a shout! x7; You hear an angry hiss.
You hear a shout! x7; You hear a roar!
You hear a shout! x6
A bag of meat comes into view. It is wielding a +9 war axe.
You hear a shout! x2
A bag of meat comes into view. It is wielding a +9 war axe.
You hear a shout! x2
You can't go down here!
You hear a shout! x3
You have escaped!

.....o).)).†..)))..
.....).)....)))))o
.....#)....))#.))§
.....#.).....#..)
§).###))...).###)
)§)......###..)...
o#))...†.)_....)).
.)....)#..)..#)...
..)))..#_.@._#....
).)....#.....# ..
.#)......)_...).
...)...)###).).oO
..)###.)° ))###O
#.) ))# #)) .o# ))
.)


You could see 2 meat berserkers and 2 bags of meat.

Vanquished Creatures
  Dispater (D)
  6 hell knights (D)
  Sigmund (D)
  15 hell beasts (D)
  10 royal mummies (D)
  14 great orbs of eyes (D)
  13 wraiths (D)
  15 vampire knights (D)
  42 ogres (D)
  9 two-headed ogres (D)
  7 liches (D)
  8 hydras (D)
  89 orcs (D)
  12 phantoms (D)
  6 skeletal warriors (D)
  7 sea snakes (D)
255 creatures vanquished.

Vanquished Creatures (others)
  A two-headed ogre (D)
  5 orcs (D)
6 creatures vanquished.

Grand Total: 261 creatures vanquished

Notes
Turn   | Place    | Note
-------+----------+-------------------------------------------
     0 | D        | Found the +∞ Axe of Woe
     0 | D        | Turgor the Djinni Warper began the quest for the Orb.
     0 | D        | Reached XP level 1. HP: 18/18 MP: 0/0
     0 | D        | Noticed a bag of meat
     2 | D        | Noticed a bag of meat
     4 | D        | Became a worshipper of Makhleb the Destroyer
     4 | D        | Noticed a meat berserker
     5 | D        | Noticed a bag of meat
     6 | D        | Killed a bag of meat
     7 | D        | Reached skill level 10 in Armour
     7 | D        | Reached XP level 2. HP: 37/37 MP: 0/0
     7 | D        | Reached XP level 3. HP: 42/42 MP: 0/0
     7 | D        | Learned a level 1 spell: Summon Small Mammal
     7 | D        | Reached XP level 4. HP: 49/49 MP: 0/0
     7 | D        | Reached XP level 5. HP: 53/53 MP: 0/0
     7 | D        | Learned a level 2 spell: Poisonous Vapours
     7 | D        | Reached XP level 6. HP: 59/59 MP: 0/0
     7 | D        | Reached XP level 7. HP: 65/65 MP: 0/0
     7 | D        | Learned a level 2 spell: Passwall
     7 | D        | Reached XP level 8. HP: 71/71 MP: 0/0
     7 | D        | Reached XP level 9. HP: 76/76 MP: 0/0
     7 | D        | Learned a level 4 spell: Ice Form
     7 | D        | Reached XP level 10. HP: 82/82 MP: 0/0
     7 | D        | Reached XP level 11. HP: 87/87 MP: 0/0
     7 | D        | Learned a level 5 spell: Alistair's Intoxication
     7 | D        | Killed a bag of meat
     7 | D        | Reached * piety under Makhleb
     7 | D        | Killed a meat berserker
     7 | D        | Noticed a meat berserker
     7 | D        | Noticed a bag of meat
     8 | D        | Reached XP level 12. HP: 95/101 MP: 0/0
     8 | D        | Reached XP level 13. HP: 100/106 MP: 0/0
     8 | D        | Learned a level 5 spell: Silence
     8 | D        | Killed a bag of meat
     8 | D        | Killed a meat berserker
     8 | D        | Reached ** piety under Makhleb
     9 | D        | Reached XP level 14. HP: 117/117 MP: 0/0
     9 | D        | Noticed a bag of meat
     9 | D        | Noticed a bag of meat
     9 | D        | Noticed a bag of meat
     9 | D        | Noticed a bag of meat
    10 | D        | Killed a bag of meat
    10 | D        | Killed a bag of meat
    10 | D        | Killed a bag of meat
    10 | D        | Reached *** piety under Makhleb
    11 | D        | Reached XP level 15. HP: 126/126 MP: 0/0
    11 | D        | Learned a level 6 spell: Conjure Ball Lightning
    12 | D        | Reached **** piety under Makhleb
    13 | D        | Reached skill level 15 in Spellcasting
    13 | D        | Reached XP level 16. HP: 136/136 MP: 0/0
    13 | D        | Noticed a meat berserker
    14 | D        | Reached XP level 17. HP: 145/145 MP: 0/0
    14 | D        | Learned a level 6 spell: Dispersal
    14 | D        | Reached ***** piety under Makhleb
    14 | D        | Killed a meat berserker
    16 | D        | Reached skill level 27 in Axes
    16 | D        | Reached XP level 18. HP: 158/158 MP: 0/0
    16 | D        | Noticed a meat berserker
    17 | D        | Killed a meat berserker
    17 | D        | Reached ****** piety under Makhleb
    18 | D        | Noticed a meat berserker
    19 | D        | Noticed a meat berserker
    20 | D        | Reached skill level 27 in Dodging
    20 | D        | Reached XP level 19. HP: 169/169 MP: 0/0
    20 | D        | Learned a level 7 spell: Orb of Destruction
    20 | D        | Killed a meat berserker
    20 | D        | Killed a meat berserker
    20 | D        | Noticed a meat berserker
    21 | D        | Reached skill level 27 in Fighting
    21 | D        | Reached skill level 27 in Armour
    21 | D        | Noticed a meat berserker
    22 | D        | Killed a meat berserker
    22 | D        | Killed a meat berserker
    22 | D        | Noticed a meat berserker
    23 | D        | Reached skill level 27 in Spellcasting
    23 | D        | Reached XP level 20. HP: 181/181 MP: 0/0
    23 | D        | Noticed a meat berserker
    24 | D        | Killed a meat berserker
    24 | D        | Killed a meat berserker
    27 | D        | Reached skill level 15 in Stealth
    27 | D        | Reached XP level 21. HP: 187/187 MP: 0/0
    27 | D        | Learned a level 7 spell: Haunt
    27 | D        | Noticed a large bag of meat
    27 | D        | Noticed a large bag of meat
    28 | D        | Killed a large bag of meat
    28 | D        | Killed a large bag of meat
    28 | D        | Noticed an eight-headed meat hydra
    28 | D        | Noticed a destroyer
    29 | D        | Killed a destroyer
    29 | D        | Killed a nine-headed meat hydra
    30 | D        | Reached XP level 22. HP: 194/194 MP: 0/0
    31 | D        | Noticed a destroyer
    31 | D        | Killed a destroyer
    32 | D        | Reached skill level 27 in Invocations
    33 | D        | Noticed a meat berserker
    33 | D        | Noticed a meat berserker
    34 | D        | Killed a meat berserker
    34 | D        | Killed a meat berserker
    35 | D        | Reached skill level 27 in Throwing
    35 | D        | Reached skill level 27 in Stealth
    35 | D        | Reached skill level 5 in Short Blades
    35 | D        | Reached skill level 5 in Long Blades
    35 | D        | Reached skill level 5 in Staves
    35 | D        | Reached skill level 5 in Shields
    35 | D        | Reached skill level 5 in Unarmed Combat
    35 | D        | Reached skill level 5 in Evocations
    35 | D        | Reached XP level 23. HP: 201/201 MP: 0/0
    35 | D        | Learned a level 7 spell: Dragon Form
    36 | D        | Reached skill level 5 in Maces & Flails
    36 | D        | Reached skill level 5 in Polearms
    36 | D        | Reached skill level 5 in Slings
    36 | D        | Reached skill level 5 in Bows
    36 | D        | Reached skill level 5 in Crossbows
    36 | D        | Noticed a large bag of meat
    37 | D        | Noticed a destroyer
    38 | D        | Reached skill level 10 in Shields
    38 | D        | Reached skill level 10 in Unarmed Combat
    38 | D        | Reached skill level 10 in Evocations
    38 | D        | Reached XP level 24. HP: 208/208 MP: 0/0
    38 | D        | Killed a destroyer
    38 | D        | Noticed a large bag of meat
    39 | D        | Killed a large bag of meat
    39 | D        | Killed a large bag of meat
    40 | D        | Reached skill level 15 in Shields
    40 | D        | Reached skill level 15 in Unarmed Combat
    40 | D        | Reached skill level 15 in Evocations
    40 | D        | Reached XP level 25. HP: 214/214 MP: 0/0
    40 | D        | Learned a level 8 spell: Discord
    42 | D        | Noticed a destroyer
    42 | D        | Killed a destroyer
    43 | D        | Reached skill level 15 in Short Blades
    43 | D        | Reached skill level 15 in Long Blades
    43 | D        | Reached skill level 15 in Staves
    43 | D        | Noticed a destroyer
    44 | D        | Killed a large bag of meat
    50 | D        | Noticed an accursed
    50 | D        | Killed an accursed
    51 | D        | Reached XP level 26. HP: 112/221 MP: 0/0
    53 | D        | Killed a destroyer
    54 | D        | Noticed a tyrant
    54 | D        | Killed a tyrant
    55 | D        | Reached XP level 27. HP: 228/228 MP: 0/0
    55 | D        | Learned a level 9 spell: Chain Lightning
    55 | D        | Noticed a destroyer
    55 | D        | Noticed an accursed
    55 | D        | Noticed a large bag of meat
    55 | D        | Noticed a destroyer
    56 | D        | Noticed a tyrant
    56 | D        | Killed a tyrant
    56 | D        | Killed an accursed
    56 | D        | Killed a destroyer
    57 | D        | Killed a large bag of meat
    57 | D        | Killed a destroyer
    59 | D        | Noticed The Captor
    59 | D        | Killed The Captor
    59 | D        | Noticed a tyrant
    60 | D        | Killed a tyrant
    61 | D        | Reached skill level 27 in Shields
    61 | D        | Reached skill level 27 in Unarmed Combat
    61 | D        | Reached skill level 27 in Evocations
    61 | D        | Noticed a dread
    61 | D        | Noticed a meat beast
    61 | D        | Killed a dread
    61 | D        | Killed a meat beast
    62 | D        | Reached skill level 27 in Short Blades
    62 | D        | Reached skill level 27 in Long Blades
    62 | D        | Reached skill level 27 in Staves
    62 | D        | Noticed a dread
    63 | D        | Killed a dread
    64 | D        | Reached skill level 27 in Maces & Flails
    64 | D        | Reached skill level 27 in Polearms
    64 | D        | Reached skill level 27 in Slings
    64 | D        | Reached skill level 27 in Bows
    64 | D        | Reached skill level 27 in Crossbows
    65 | D        | Noticed a dread
    66 | D        | Killed a dread
    67 | D        | Noticed a dread
    68 | D        | Noticed a dread
    68 | D        | Killed a dread
    72 | D        | Killed a dread
    77 | D        | Noticed a meat beast
    77 | D        | Noticed a meat beast
    77 | D        | Killed a meat beast
    77 | D        | Killed a meat beast
    78 | D        | Noticed a destroyer
    78 | D        | Noticed a meat beast
    78 | D        | Noticed a meat beast
    79 | D        | Killed a meat beast
    79 | D        | Killed a destroyer
    80 | D        | Noticed a meat beast
    80 | D        | Killed a meat beast
    80 | D        | Noticed an accursed
    81 | D        | Killed an accursed
    82 | D        | Noticed a meat beast
    82 | D        | Killed a meat beast
    82 | D        | Killed a meat beast
    82 | D        | Noticed a meat beast
    82 | D        | Noticed a large bag of meat
    83 | D        | Killed a meat beast
    83 | D        | Killed a large bag of meat
    84 | D        | Noticed a meat beast
    85 | D        | Killed a meat beast
    86 | D        | Noticed an accursed
    86 | D        | Noticed a tyrant
    87 | D        | Killed an accursed
    87 | D        | Killed a tyrant
    87 | D        | Noticed a dread
    88 | D        | Killed a dread
    88 | D        | Noticed a tyrant
    89 | D        | Noticed an accursed
    89 | D        | Killed a tyrant
    89 | D        | Killed an accursed
    90 | D        | Noticed a dread
    91 | D        | Killed a dread
    92 | D        | Noticed a destroyer
    94 | D        | Noticed a large bag of meat
    95 | D        | Killed a large bag of meat
    95 | D        | Noticed a destroyer
    96 | D        | Killed a destroyer
    97 | D        | Noticed a destroyer
    98 | D        | Killed a destroyer
    98 | D        | Noticed a destroyer
    99 | D        | Killed a destroyer
   102 | D        | Noticed an accursed
   102 | D        | Noticed an accursed
   102 | D        | Noticed a meat beast
   103 | D        | Killed a meat beast
   103 | D        | Killed an accursed
   103 | D        | Killed an accursed
   104 | D        | Noticed a destroyer
   104 | D        | Noticed a tyrant
   105 | D        | Killed a tyrant
   105 | D        | Killed a destroyer
   107 | D        | Killed a destroyer
   110 | D        | Noticed a dread
   110 | D        | Killed a dread
   110 | D        | Noticed a large bag of meat
   111 | D        | Killed a large bag of meat
   112 | D        | Noticed an accursed
   113 | D        | Noticed a dread
   113 | D        | Killed a dread
   113 | D        | Killed an accursed
   115 | D        | Noticed a dread
   115 | D        | Noticed a meat beast
   116 | D        | Killed a dread
   116 | D        | Killed a meat beast
   116 | D        | Noticed a dread
   116 | D        | Noticed an accursed
   117 | D        | Killed an accursed
   117 | D        | Killed a dread
   117 | D        | Noticed a meat beast
   118 | D        | Noticed a tyrant
   119 | D        | Killed a tyrant
   120 | D        | Noticed a fleshlord
   120 | D        | Killed a fleshlord
   120 | D        | Noticed a fleshlord
   121 | D        | Killed a meat beast
   121 | D        | Killed a fleshlord
   122 | D        | Noticed an accursed
   123 | D        | Killed an accursed
   124 | D        | Noticed a large bag of meat
   124 | D        | Noticed a dread
   125 | D        | Killed a large bag of meat
   125 | D        | Killed a dread
   125 | D        | Noticed a destroyer
   126 | D        | Killed a destroyer
   126 | D        | Noticed a fleshlord
   127 | D        | Noticed a destroyer
   127 | D        | Killed a fleshlord
   127 | D        | Killed a destroyer
   131 | D        | Noticed a fleshlord
   132 | D        | Killed a fleshlord
   132 | D        | Noticed a fleshlord
   133 | D        | Killed a fleshlord
   133 | D        | Noticed a meat beast
   133 | D        | Noticed a fleshlord
   134 | D        | Killed a meat beast
   134 | D        | Killed a fleshlord
   134 | D        | Noticed a dread
   134 | D        | Noticed a meat beast
   135 | D        | Killed a meat beast
   135 | D        | Killed a dread
   138 | D        | Noticed a meat beast
   139 | D        | Killed a meat beast
   145 | D        | Noticed The Meatlord
   145 | D        | Killed The Meatlord
   146 | D        | Got the Orb of Zot
   147 | D        | Noticed a meat beast
   148 | D        | Escaped with the Orb!

Illustrated notes

Levels and vault maps discovered:
D:        meatsprint

Skill      XL: |  1  2  3  4  5  6  7  8  9 10 11 12 13 14 15 16 17 18 19 20 21 22 23 24 25 26 27 |
---------------+----------------------------------------------------------------------------------+-----
Fighting       | 11 14 16 18 19 20 23 25 27 | 27.0
Axes           | 13 17 19 21 22 24 27 | 27.0
Armour         | 10 14 16 18 19 20 23 25 27 | 27.0
Dodging        | 12 16 18 19 21 22 25 27 | 27.0
Spellcasting   | 8 11 13 14 15 16 18 20 27 | 27.0
Throwing       | 3 14 21 27 | 27.0
Stealth        | 3 15 23 27 | 27.0
Invocations    | 3 16 25 27 | 27.0
Short Blades   | 5 9 14 17 19 27 | 27.0
Long Blades    | 5 9 14 17 19 27 | 27.0
Maces & Flails | 4 8 13 16 18 27 | 27.0
Polearms       | 4 8 13 16 18 27 | 27.0
Staves         | 5 9 14 17 19 27 | 27.0
Slings         | 4 8 13 16 18 27 | 27.0
Bows           | 4 8 13 16 18 27 | 27.0
Crossbows      | 4 8 13 16 18 27 | 27.0
Shields        | 5 10 15 18 21 27 | 27.0
Unarmed Combat | 5 10 15 18 21 27 | 27.0
Evocations     | 5 10 15 18 21 27 | 27.0

Action                   |  1- 3 |  4- 6 |  7- 9 | 10-12 | 13-15 | 16-18 | 19-21 | 22-24 | 25-27 || total
-------------------------+-------+-------+-------+-------+-------+-------+-------+-------+-------++-------
Melee: Executioner's axe |     1 |       |       |     2 |     8 |    13 |    16 |    21 |   194 ||   255
 Cast: Manifold Assault  |       |       |       |     1 |     3 |     5 |     6 |     6 |    77 ||    98
       Haunt             |       |       |       |       |       |       |     1 |       |       ||     1
       Discord           |       |       |       |       |       |       |       |       |     1 ||     1

Table legend: (Time is in decaauts)
 A = Elapsed time spent in this place.
 B = Non-inter-level travel time spent in this place.
 C = Inter-level travel time spent in this place.
 D = Time resting spent in this place.
 E = Time spent auto-exploring this place.
 F = Levels seen in this place.
 G = Mean time per level.
                   A        B        C        D        E       F      G
               +--------+--------+--------+--------+--------+-----+--------+
         Total |    134 |    134 |      0 |      0 |      0 |   1 |  134.0 |
       Dungeon |    134 |    134 |      0 |      0 |      0 |   1 |  134.0 |
               +--------+--------+--------+--------+--------+-----+--------+

Top non-repeatable levels by time:
       D: 134 daAuts
